 Dungeon Crawl Stone Soup version 0.27.1 (webtiles) character file.

Game seed: 12523377685782883599

394 comborobin the Ruffian (level 6, -6/47 HPs)
             Began as a Palentonga Warper on Aug 21, 2021.
             Killed from afar by an orc wizard (13 damage)
             ... with a puff of flame
             ... on level 4 of the Dungeon.
             The game lasted 00:07:17 (4919 turns).

comborobin the Ruffian (Palentonga Warper)          Turns: 4919, Time: 00:07:18

Health: -6/47      AC:  5    Str: 15    XL:     6   Next: 52%
Magic:  9/9        EV:  9    Int: 13    God:
Gold:   151        SH:  0    Dex: 11    Spells: 9/9 levels left

rFire    . . .     SeeInvis +     - Unarmed
rCold    . . .     Faith    .   (no shield)
rNeg     . . .     Spirit   .   a - +1 leather armour
rPois    .         Reflect  .   (no helmet)
rElec    .         Harm     .   (no cloak)
rCorr    .         Rampage  .   (no gloves)
Will     .....                  (no barding)
Stlth    +.........             (no amulet)
HPRegen  0.15/turn              (no ring)
MPRegen  0.11/turn              (no ring)

@: mighty
A: large, rugged brown scales 3, see invisible, deformed body, roll 1, armoured
tail
a: Rolling Charge


You were on level 4 of the Dungeon.
You visited 1 branch of the dungeon, and saw 7 of its levels.

You collected 151 gold pieces.

Inventory:

Hand Weapons
 g - a +1 dagger of draining
Missiles
 c - 2 boomerangs of dispersal (quivered)
 i - 6 boomerangs
Armour
 a - a +1 leather armour (worn)
 q - a +2 helmet
Wands
 e - a wand of polymorph (9)
 f - a wand of iceblast (5)
Scrolls
 b - a scroll of blinking
 d - a scroll of magic mapping {unknown}
 h - 2 scrolls of identify
 k - a scroll of torment {unknown}
 o - a scroll of fog {unknown}
Potions
 j - a potion of heal wounds {unknown}
 l - a potion of mutation {unknown}
 m - a potion of curing
 p - a potion of berserk rage {unknown}


   Skills:
 - Level 2.0 Fighting
 - Level 0.6 Throwing
 - Level 0.7 Armour
 - Level 1.5 Dodging
 + Level 7.1 Unarmed Combat
 - Level 2.0 Spellcasting
 - Level 3.0 Translocations


You had 9 spell levels left.
You didn't know any spells.
Your spell library contained the following spells:

 Spells                   Type           Power      Damage    Failure   Level
 Blink                    Tloc           N/A        N/A       14%         2
 Gell's Gravitas          Tloc           4%         N/A       26%         3
 Lesser Beckoning         Tloc           4%         N/A       26%         3
 Teleport Other           Tloc           9%         N/A       26%         3
 Shock                    Conj/Air       4%         1d3       30%         1
 Sublimation of Blood     Necr           0%         N/A       43%         2
 Wereblood                Tmut           1%         N/A       43%         2
 Swiftness                Air            1%         N/A       67%         3
 Manifold Assault         Tloc           9%         N/A       94%         5
 Airstrike                Air            0%         N/A       97%         4
 Summon Hydra             Summ           0%         N/A       100%        7


Dungeon Overview and Level Annotations

Branches:
Dungeon (7/15)
 Temple: D:4-7

Altars:

Shops:
D:3 *


Innate Abilities, Weirdness & Mutations

You are completely covered in rugged brown scales. (AC +3, +7% HP)
You have supernaturally acute eyesight. (SInv)
Armour fits poorly on your strangely shaped body.
You can roll at nearby foes to attack.
You have a long armoured tail.


Message History

The scorpion stings you.
Your Unarmed Combat skill increases to level 7!
Unknown command.
Unknown command.
Aiming: Iceblast
Press: ? - help, Shift-Dir - straight line
Okay, then.
Unknown command.
Found a potion of curing.
The orc wizard hits you with a +0 dagger.
Aiming: Iceblast
Press: ? - help, Shift-Dir - straight line, f - orc wizard
Aim: an orc wizard, wielding a +0 dagger and wearing a +0 robe
Okay, then.
Okay, then.
Okay, then.
Okay, then.
Okay, then.
You completely miss the orc wizard.
The orc wizard hits you but does no damage.
You closely miss the orc wizard.
Your tail-slap misses the orc wizard.
The orc wizard hits you with a +0 dagger.
You miss the orc wizard. Your punch misses the orc wizard.
The orc wizard completely misses you.
You hit the orc wizard.
The orc wizard is lightly wounded.
The orc wizard hits you with a +0 dagger.
You barely miss the orc wizard.
The orc wizard is lightly wounded.
Okay, then.
You closely miss the orc wizard.
You tail-slap the orc wizard, but do no damage.
The orc wizard is lightly wounded.
The orc wizard casts a spell at you. The puff of flame hits you!
* * * LOW HITPOINT WARNING * * *
You feel very mighty all of a sudden.
The orc wizard gestures at you while chanting.
The puff of flame hits you!
You die...

#.................#
#..........)).....+
#.###..####.###..#
########'####.###..##
#....>..Z.#.........+
#.........#Z........#
######....#os.!.....#
##. #..###o######..#
#...##..###@# ##
#................#
#................#
+.$........$.....#
#...##..#######..#
##.. #..# ###
#....... .. ......
... ...?.


You could see a scorpion, an orc wizard, an orc and a centaur skeleton.

Vanquished Creatures
  An ogre (D:6)
  A hound (D:5)
  A bullfrog zombie (D:6)
  A jelly (D:6)
  2 orc priests (D:4)
  A bullfrog skeleton (D:4)
  Ijyb (D:3)
  An iguana (D:5)
  2 adders (D:3)
  A worm (D:2)
  A dart slug (D:2)
  2 orcs
  5 ball pythons
  An endoplasm (D:3)
  3 giant cockroaches
  6 goblins
  A hobgoblin (D:4)
  8 jackals
  5 quokkas
  5 bats
  A frilled lizard (D:3)
  4 kobolds (D:1)
  2 rats
56 creatures vanquished.

Notes
Turn   | Place    | Note
-------+----------+-------------------------------------------
     0 | D:1      | comborobin the Palentonga Warper began the quest for the
                  | Orb.
     0 | D:1      | Reached XP level 1. HP: 17/17 MP: 3/3
   933 | D:1      | Reached XP level 2. HP: 17/23 MP: 5/5
  1096 | D:1      | Found a faded altar of an unknown god.
  1298 | D:2      | Reached skill level 3 in Unarmed Combat
  1745 | D:2      | Reached XP level 3. HP: 22/28 MP: 6/6
  2569 | D:3      | Reached skill level 4 in Unarmed Combat
  2609 | D:3      | Found Ramasaomn's Assorted Antiques.
  3064 | D:3      | Noticed Ijyb
  3072 | D:3      | Killed Ijyb
  3073 | D:3      | Reached XP level 4. HP: 13/32 MP: 7/7
  3769 | D:4      | Reached skill level 5 in Unarmed Combat
  3885 | D:4      | You fall into a shaft and drop 3 floors!
  4063 | D:6      | Reached XP level 5. HP: 23/40 MP: 8/8
  4211 | D:6      | Noticed an ogre
  4229 | D:6      | Killed an ogre
  4230 | D:6      | Reached skill level 6 in Unarmed Combat
  4405 | D:6      | Reached XP level 6. HP: 47/47 MP: 9/9
  4484 | D:6      | Noticed an orc warrior
  4493 | D:5      | Entered Level 5 of the Dungeon
  4905 | D:4      | Reached skill level 7 in Unarmed Combat
  4919 | D:4      | Killed from afar by an orc wizard

Illustrated notes

Levels and vault maps discovered:
D:1:      tarquinn_simple_flora_water_f, layout_loops_corners,
          shapermc_ecumenical_altar_pompeii, kennysheep_decorative_pillar,
          st_stairs_14
D:2:      layout_basic, serial_forest, infiniplex_forest_zigzag_1,
          infiniplex_forest_clump_tiny, infiniplex_forest_straight_3,
          infiniplex_forest_lined_room_2, infiniplex_forest_zigzag_1
D:3:      layout_loops_ring, serial_shops, shop, uniq_ijyb
D:4:      layout_gridville, nrook_campfire
D:5:      layout_rooms, beargit_hepliaklqana_dungeon_heroes,
          ebering_ghost_disaster_area, uniq_duvessa, uniq_crazy_yiuf_cottage
D:6:      layout_gridville, patterned_corridor
D:7:      layout_cave_pods, minmay_temple_entry_large_hall

Skill      XL: |  1  2  3  4  5  6 |
---------------+-------------------+-----
Unarmed Combat | 3 4 5 6 7 |  7.1
Fighting       | |  2.0
Throwing       | |  0.6
Armour         | |  0.7
Dodging        | |  1.5
Spellcasting   | |  2.0
Translocations | |  3.0

Action                   |  1- 3 |  4- 6 || total
-------------------------+-------+-------++-------
Melee: Unarmed           |   171 |    67 ||   238
       Tailslap          |    10 |     8 ||    18
       Punch             |       |     1 ||     1
Throw: Boomerang         |     3 |       ||     3
 Abil: Rolling Charge    |    13 |       ||    13
Evoke: Wand              |     2 |     8 ||    10
  Use: Potion            |     1 |     1 ||     2
       Scroll            |       |     4 ||     4
Armor: Leather armour    |    59 |    19 ||    78
Dodge: Dodged            |    84 |    29 ||   113
